 Dungeon Crawl Stone Soup version 0.23.2-1-ga50397a (webtiles) character file.

Game seed: 1199934820516502319

176 Waddlesthepig the Shield-Bearer (level 5, -9/47 HPs)
             Began as a Minotaur Fighter on Apr 19, 2019.
             Was a Plaything of Xom.
             Splashed by an oklob plant's acid (10 damage)
             ... created by the enmity of Fedhas Madash
             ... on level 4 of the Dungeon.
             The game lasted 00:09:22 (2232 turns).

Waddlesthepig the Shield-Bearer (Minotaur Fighter)  Turns: 2232, Time: 00:09:24

Health: -9/47      AC:  3    Str: 21    XL:     5   Next: 30%
Magic:  4/4        EV:  7    Int:  5    God:    Xom [....*.]
Gold:   81         SH:  9    Dex: 10    Spells: 4/4 levels left

rFire    . . .     SeeInvis .   a - +0 long sword
rCold    . . .     Gourm    .   c - +0 shield
rNeg     . . .     Faith    .   b - +0 scale mail
rPois    .         Spirit   .   (helmet restricted)
rElec    .         Reflect  .   (no cloak)
rCorr    .         Harm     .   (no gloves)
MR       .....                  (no boots)
Stlth    ..........             (no amulet)
HPRegen  0.15/turn              (no ring)
MPRegen  0.09/turn              (no ring)

@: corroded
A: retaliatory headbutt, horns 2
a: Renounce Religion


You were on level 4 of the Dungeon.
You worshipped Xom.
You were a beloved toy of Xom.
You were not hungry.

You visited 1 branch of the dungeon, and saw 4 of its levels.

You collected 81 gold pieces.

Inventory:

Hand Weapons
 a - a +0 long sword (weapon)
 q - a +0 blowgun
Missiles
 i - 8 stones (quivered)
Armour
 b - a +0 scale mail (worn)
 c - a +0 shield (worn)
 h - a +0 robe
Magical Staves
 o - an uncursed staff of fire
Wands
 j - a wand of random effects (23)
Scrolls
 e - 2 scrolls of remove curse {unknown}
 g - 5 scrolls of identify {unknown}
 k - 2 scrolls of blinking {unknown}
 l - 2 scrolls of fog {unknown}
 p - 2 scrolls of teleportation {unknown}
Potions
 d - a potion of might
 n - 2 potions of cancellation
 r - a potion of lignification {unknown}
Comestibles
 f - 6 rations


   Skills:
 + Level 4.3 Fighting
 + Level 3.6 Long Blades
 + Level 0.4 Staves
 + Level 1.3 Throwing
 + Level 4.5 Armour
 + Level 0.6 Dodging
 + Level 1.1 Stealth
 + Level 4.6 Shields


You had 4 spell levels left.
You didn't know any spells.
Your spell library was empty.

Dungeon Overview and Level Annotations

Branches:
Dungeon (4/15)
 Temple: D:4-7

Altars:
Ashenzari
Fedhas
Nemelex Xobeh
Xom

Annotations:
D:3 exclusion: 2 oklob plants
D:4 exclusion: 4 oklob plants


Innate Abilities, Weirdness & Mutations

You reflexively headbutt those who attack you in melee.
You have a pair of horns on your head.


Message History

Marking area around the oklob plant as unsafe for travelling. 4 oklob plants come into view.
You hit the oklob plant but do no damage.
You headbutt the oklob plant, but do no damage.
You hit the oklob plant but do no damage.
The oklob plant spits acid at you. The splash of acid hits you!
You are splashed with acid!
You hit the oklob plant.
You headbutt the oklob plant, but do no damage.
The oklob plant is lightly damaged.
The oklob plant spits acid at you. The splash of acid hits you!
The acid corrodes you!
You are splashed with acid!
* * * LOW HITPOINT WARNING * * *
The oklob plant spits acid at you. The splash of acid hits you!
* * * LOW HITPOINT WARNING * * *
Xom is amused.
You are splashed with acid!
You die...
Xom bursts into laughter!

#.##.######....#
#....<.......#
###.#####..###
#........#
########.#
#....P.#
#...P..#
#......#
#..P..@#
#...f.P#
#......#
###.#### #.# #.#
### #.### #.#
#...# #.#
###.###.#


You could see 4 oklob plants and a wandering mushroom.

Vanquished Creatures
  The ghost of Aske the Cutter, an amateur GrGl (D:3)
  A centaur skeleton (D:4)
  3 adders (D:2)
  3 dart slugs
  A leopard gecko (D:3)
  2 giant cockroaches
  8 goblins
  6 hobgoblins
  6 kobolds
  A quokka (D:2)
  3 bats
  2 frilled lizards
  5 rats
42 creatures vanquished.

Notes
Turn   | Place    | Note
-------+----------+-------------------------------------------
     0 | D:1      | Waddlesthepig the Minotaur Fighter began the quest for the
                  | Orb.
     0 | D:1      | Reached XP level 1. HP: 19/19 MP: 0/0
   164 | D:1      | Reached XP level 2. HP: 23/27 MP: 1/1
   468 | D:2      | Reached XP level 3. HP: 29/33 MP: 2/2
   806 | D:2      | Found a blossoming altar of Fedhas.
   816 | D:2      | Became a worshipper of Fedhas Madash
   828 | D:2      | Found a sparkling altar of Nemelex Xobeh.
  1177 | D:3      | Reached XP level 4. HP: 40/40 MP: 3/3
  1290 | D:3      | Found a shimmering altar of Xom.
  1298 | D:3      | Fell from the grace of Fedhas
  1298 | D:3      | Became a worshipper of Xom of Chaos
  1321 | D:3      | XOM: divination: detect items
  1428 | D:3      | XOM: harmless Hex miscast
  1496 | D:3      | Found a shattered altar of Ashenzari.
  1529 | D:3      | XOM: medium Necr miscast
  1640 | D:3      | Found a runed translucent gate.
  1642 | D:3      | Found a runed translucent gate.
  1643 | D:3      | Found a runed translucent gate.
  1644 | D:3      | Noticed Aske's ghost (amateur GrGl)
  1664 | D:3      | Killed Aske's ghost
  1664 | D:3      | Reached skill level 1 in Stealth
  1664 | D:3      | Reached XP level 5. HP: 21/47 MP: 4/4
  1879 | D:3      | XOM: mild Pois miscast
  1939 | D:3      | XOM: harmless Necr miscast
  1963 | D:3      | Noticed an oklob plant
  1963 | D:3      | Noticed a wandering mushroom
  1963 | D:3      | Noticed an oklob plant
  2002 | D:3      | XOM: polymorph wandering mushroom -> wandering mushroom
  2027 | D:3      | XOM: destruction
  2178 | D:4      | Reached skill level 1 in Throwing
  2230 | D:4      | Noticed a wandering mushroom
  2230 | D:4      | Noticed an oklob plant
  2230 | D:4      | Noticed an oklob plant
  2230 | D:4      | Noticed an oklob plant
  2230 | D:4      | Noticed an oklob plant
  2232 | D:4      | HP: 1/47 [oklob plant/splash of acid[the enmity of Fedhas
                  | Madash] (8)]
  2232 | D:4      | Splashed by an oklob plant's acid

Skill      XL: |  1  2  3  4  5 |
---------------+----------------+-----
Fighting       | 4 |  4.3
Shields        | 4 |  4.6
Armour         | 4 |  4.5
Long Blades    | 3 |  3.6
Stealth        | 1 |  1.1
Throwing       | 1 |  1.3
Staves         | |  0.4
Dodging        | |  0.6

Action                   |  1- 3 |  4- 6 || total
-------------------------+-------+-------++-------
Melee: Long sword        |    78 |    36 ||   114
       Headbutt          |    17 |    10 ||    27
       Staff             |     9 |       ||     9
Throw: Javelin           |       |     5 ||     5
       Stone             |       |    41 ||    41
  Use: Potion            |     1 |     3 ||     4
  Eat: Ration            |       |     2 ||     2
Armor: Scale mail        |    39 |     9 ||    48
Dodge: Dodged            |    19 |    11 ||    30
Block: Shield            |    49 |    14 ||    63
       Rpst.: Long sword |     4 |     4 ||     8
